 Dungeon Crawl Stone Soup version 0.28.0-53-g5a82cb258f (webtiles) character file.

Game seed: 17071271216275582384

13299 dranuc9 the Destroyer (level 11, -3/55 HPs)
             Began as a Deep Elf Conjurer on July 16, 2022.
             Was a Priest of Sif Muna.
             Shot with an arrow by a centaur warrior (21 damage)
             ... on level 11 of the Dungeon.
             The game lasted 02:15:20 (15115 turns).

dranuc9 the Destroyer (Deep Elf Conjurer)          Turns: 15115, Time: 02:15:21

Health: -3/55      AC:  4    Str:  4    XL:     11   Next: 73%
Magic:  11/29      EV: 18    Int: 28    God:    Sif Muna [***...]
Gold:   800        SH:  5    Dex: 19    Spells: 19/35 levels left

rFire   . . .      SeeInvis .   h - staff of conjuration
rCold   . . .      Faith    .   (no shield)
rNeg    . . .      Spirit   .   N - +2 robe {Will+}
rPois   .          Reflect  +   (no helmet)
rElec   .          Harm     .   (no cloak)
rCorr   .          Rampage  .   (no gloves)
Will    ++...                   (no boots)
Stlth   +++.......              s - amulet of reflection
HPRegen 0.18/turn               f - +4 ring of evasion
MPRegen 0.21/turn               y - +6 ring of dexterity

@: no status effects
A: no striking features
a: Renounce Religion, Channel Magic, Forget Spell


You were on level 11 of the Dungeon.
You worshipped Sif Muna.
Sif Muna was most pleased with you.
You visited 2 branches of the dungeon, and saw 13 of its levels.

You collected 800 gold pieces.

Inventory:

Hand Weapons
 c - a +3 hunting sling of flaming
 d - a +0 shortbow
 p - a +0 hand crossbow
 q - a +1 whip of flaming
 w - the +3 dagger of Oghimeo {drain, rF+}
   (You found it on level 4 of the Dungeon)

   A truly terrible weapon, it drains the life of any living foe it strikes.
   rF:        It protects you from fire.
 E - a +0 shortbow
 I - the +6 spear "Ahilyeth" {elec, rF+ Int+4}
   (You found it on level 8 of the Dungeon)

   It occasionally discharges a powerful burst of electricity upon striking a
   foe.
   Int:       It affects your intelligence (+4).
   rF:        It protects you from fire.
Missiles
 j - 2 poisoned darts
 o - 259 stones
 x - 151 arrows
Armour
 a - a +0 robe
 A - a +1 leather armour of willpower
 N - a +2 robe of willpower (worn)
Magical Staves
 h - a staff of conjuration (weapon)
Jewellery
 b - a ring of fire
 f - a +4 ring of evasion (left hand)
 s - an amulet of reflection (around neck)
 u - a ring of wizardry
 y - a +6 ring of dexterity (right hand)
 H - a +6 ring of strength
Wands
 r - a wand of polymorph (11)
 v - a wand of flame (20)
 C - a wand of charming (7)
 F - a wand of iceblast (10)
 J - a wand of acid (3)
Scrolls
 k - a scroll of fog {unknown}
 l - a scroll of magic mapping {unknown}
 n - 2 scrolls of vulnerability
 t - a scroll of amnesia {unknown}
 D - a scroll of torment {unknown}
 G - a scroll of enchant armour {unknown}
Potions
 e - 3 potions of might
 g - a potion of resistance
 i - 2 potions of flight
 m - 2 potions of mutation
 z - a potion of degeneration
 B - a potion of magic
 K - 4 potions of curing
 L - 2 potions of lignification
 M - a potion of heal wounds {unknown}


   Skills:
 + Level 0.9 Fighting
 + Level 3.6 Dodging
 + Level 5.0 Stealth
 + Level 1.5 Shields
 + Level 12.5 Spellcasting
 * Level 14.8 Conjurations
 + Level 9.1 Hexes
 + Level 1.1 Summonings
 * Level 5.8 Necromancy
 + Level 1.1 Translocations
 + Level 0.3 Evocations


You had 19 spell levels left.
You knew the following spells:

 Your Spells              Type           Power      Damage    Failure   Level
a - Magic Dart            Conj           100%       1d8       0%          1
b - Searing Ray           Conj           100%       2d8       0%          2
c - Blink                 Tloc           48%        N/A       3%          2
d - Fulminant Prism       Conj/Hex       45%        3d21      1%          4
e - Call Canine Familiar  Summ           24%        N/A       6%          3
f - Flame Wave            Conj/Fire      73%        2d13      1%          4

Your spell library contained the following spells:

 Spells                   Type           Power      Damage    Failure   Level
 Static Discharge         Conj/Air       73%        N/A       1%          2
 Dazzling Flash           Conj/Hex       100%       N/A       1%          3
 Portal Projectile        Hex/Tloc       92%        N/A       1%          3
 Hailstorm                Conj/Ice       73%        3d15      1%          4
 Iskenderun's Mystic Bla  Conj/Tloc      76%        2d15      1%          4
 Sticky Flame             Conj/Fire      73%        2d9       1%          4
 Dispel Undead            Necr           50%        3d19      2%          4
 Freeze                   Ice            68%        1d8       3%          1
 Scorch                   Fire           34%        2d6       4%          2
 Leda's Liquefaction      Hex/Erth       21%        N/A       4%          4
 Lesser Beckoning         Tloc           24%        N/A       6%          3
 Excruciating Wounds      Necr           25%        N/A       8%          5
 Frozen Ramparts          Ice            34%        1d5       10%         3
 Manifold Assault         Tloc           24%        N/A       47%         5
 Blade Hands              Tmut           8%         N/A       65%         5
 Summon Cactus Giant      Summ           12%        N/A       96%         6


Dungeon Overview and Level Annotations

Branches:
Dungeon (12/15)            Temple (1/1) D:5            Lair (0/6) D:9
    Orc (0/2) D:11

Altars:
Ashenzari
Cheibriados
Dithmenos
Elyvilon
Fedhas
Gozag
Hepliaklqana
Kikubaaqudgha
Makhleb
Nemelex Xobeh
Okawaru
Qazlal
Ru
Sif Muna
Trog
Uskayaw
Vehumet
Wu Jian
Xom
Yredelemnul
Zin
The Shining One

Shops:
D:6 !   D:9 *(   D:11 ?

Annotations:
D:4 Pikel


Message History

The centaur warrior shoots an arrow.
The arrow completely misses your fulminant prism.
The arrow barely misses you.
The centaur warrior shoots an arrow.
The arrow hits your fulminant prism!
The centaur warrior shoots an arrow.
The arrow hits your fulminant prism!
Your fulminant prism detonates feebly.
Casting: Fulminant Prism (safe; 1% risk of failure)
Confirm with . or Enter, or press ? or * to list all spells.
Aiming: Fulminant Prism (safe; 1% risk of failure)
Press: ? - help, Dir - move target You feel a surge of power!
You conjure a prism of explosive energy!
A fulminant prism comes into view.
The centaur warrior shoots an arrow.
The arrow hits your fulminant prism!!
The centaur warrior shoots an arrow.
The arrow hits your fulminant prism!
Your fulminant prism detonates feebly.
Casting: Fulminant Prism (safe; 1% risk of failure)
Confirm with . or Enter, or press ? or * to list all spells.
Aiming: Fulminant Prism (safe; 1% risk of failure)
Press: ? - help, Dir - move target You feel a surge of power!
You conjure a prism of explosive energy!
A fulminant prism comes into view.
Something hits your fulminant prism! Something kicks your fulminant prism.
Something hits your fulminant prism!!
Your fulminant prism detonates feebly.
Casting: Fulminant Prism (safe; 1% risk of failure)
Confirm with . or Enter, or press ? or * to list all spells.
Aiming: Fulminant Prism (safe; 1% risk of failure)
Press: ? - help, Dir - move target You feel a surge of power!
You conjure a prism of explosive energy!
A fulminant prism comes into view.
The centaur warrior unwields the +1 halberd of Tenacity {spect, Str+5 Stlth+}.
The centaur warrior wields a +0 longbow.
The centaur warrior shoots an arrow.
The arrow hits your fulminant prism!!
The centaur warrior shoots an arrow.
The arrow completely misses your fulminant prism.
The arrow hits you!!
You die...

..#...#(#).##################
........(...).......Z.....ยง..
#...#....).c[................
.. #.#..)###*.######..#####..
#...#..# #..# #.## #....
........# #.[# #.# ....8.
#...#....# #..######.#...)...
...#.#..## #....).[......)...
..#...#.# #@.......[[8....>.
........# #..#######.......
#..# #...... #..# .....8 #..#
###... #..# ##. #..# #. #..#
#. #..# #.


You could see a centaur warrior (ally target) and a friendly fulminant prism.

Vanquished Creatures
  A two-headed ogre (D:10)
  A centaur warrior (D:9)
  A tengu warrior (D:10)
  A wizard (D:11)
  An ugly thing (D:10)
  A guardian serpent (shapeshifter) (D:10)
  Maggie (D:6)
  A gargoyle (D:11)
  A kobold demonologist (D:11)
  An unseen horror (D:12)
  A freezing wraith (D:11)
  A tengu conjurer (D:10)
  A troll (D:11)
  4 wraiths
  4 shadows
  Eustachio (D:6)
  14 yaks
  2 wyverns
  3 wargs (D:9)
  A water moccasin (D:7)
  An acid dragon (D:11)
  3 ice beasts
  2 orc warriors (D:11)
  A sky beast (D:5)
  2 necrophages
  3 lemures (D:4)
  4 centaurs
  3 kobold brigands
  2 bullfrogs
  A gnoll sergeant (D:11)
  6 scorpions
  A water moccasin skeleton (D:6)
  4 wights (D:9)
  A howler monkey (D:11)
  7 centaur zombies
  3 gnoll shamans
  A hound (D:4)
  6 orc priests
  An iguana (D:6)
  8 orc wizards
  Natasha (thrice) (D:4)
  A hound skeleton (D:4)
  A howler monkey zombie (D:9)
  A howler monkey skeleton (D:4)
  17 gnolls
  6 adders
  3 white imps
  An ufetubus (D:6)
  28 orcs
  2 ball pythons
  5 bats
  9 endoplasms
  3 giant cockroaches
  5 goblins
  7 hobgoblins
  3 jackals (D:2)
  10 kobolds
  2 quokkas (D:1)
  3 frilled lizards
  10 rats
  A spectral goblin (D:7)
223 creatures vanquished.

Vanquished Creatures (others)
  An angel (D:9)
  161 fulminant prisms
  A plant (D:9)
163 creatures vanquished.

Grand Total: 386 creatures vanquished

Notes
Turn   | Place    | Note
-------+----------+-------------------------------------------
     0 | D:1      | dranuc9 the Deep Elf Conjurer began the quest for the Orb.
     0 | D:1      | Reached XP level 1. HP: 10/10 MP: 6/6
   286 | D:1      | Reached XP level 2. HP: 15/15 MP: 5/8
   289 | D:1      | Learned a level 2 spell: Searing Ray
   420 | D:1      | Found a faded altar of an unknown god.
   575 | D:1      | Reached skill level 5 in Conjurations
  1067 | D:1      | Reached XP level 3. HP: 19/19 MP: 6/9
  1786 | D:3      | Reached skill level 6 in Conjurations
  1786 | D:3      | Reached XP level 4. HP: 24/24 MP: 5/11
  2142 | D:3      | Reached XP level 5. HP: 28/28 MP: 7/13
  2430 | D:3      | Found an ornate altar of the Wu Jian Council.
  2515 | D:4      | Noticed Natasha
  2519 | D:4      | Killed Natasha
  2636 | D:4      | Noticed a lemure
  2638 | D:4      | Noticed Pikel
  2750 | D:4      | Noticed a lemure
  2753 | D:4      | Noticed a lemure
  2754 | D:4      | Learned a level 2 spell: Blink
  2804 | D:4      | Killed a lemure
  2959 | D:4      | Noticed a lemure
  2982 | D:5      | Entered Level 5 of the Dungeon
  3000 | D:5      | Reached skill level 7 in Conjurations
  3000 | D:5      | Reached XP level 6. HP: 32/32 MP: 9/14
  3241 | D:5      | Noticed a sky beast
  3273 | D:4      | Reached skill level 5 in Spellcasting
  3363 | D:4      | Identified the +3 dagger of Oghimeo {drain, rF+}
  3478 | D:4      | Reached skill level 8 in Conjurations
  3478 | D:4      | Reached XP level 7. HP: 37/37 MP: 8/17
  3690 | D:4      | Noticed Natasha
  3694 | D:4      | Killed Natasha
  4008 | D:4      | Noticed Natasha
  4011 | D:4      | Killed Natasha
  5447 | D:5      | Found a staircase to the Ecumenical Temple.
  5455 | Temple   | Entered the Ecumenical Temple
  5785 | Temple   | Became a worshipper of Sif Muna the Loreminder
  5813 | D:5      | Learned a level 4 spell: Fulminant Prism
  6276 | D:5      | Found an ancient bone altar of Kikubaaqudgha.
  6677 | D:6      | Found an opulent altar of Gozag.
  6677 | D:6      | Noticed Maggie
  6694 | D:6      | Killed Maggie
  6695 | D:6      | Reached skill level 9 in Conjurations
  6695 | D:6      | Reached skill level 1 in Hexes
  6695 | D:6      | Reached XP level 8. HP: 29/42 MP: 3/21
  6978 | D:6      | Noticed Eustachio
  7000 | D:6      | Killed Eustachio
  7001 | D:6      | Reached skill level 10 in Conjurations
  7428 | D:6      | Found Maoruy's Distillery.
  7457 | D:6      | Found a basalt altar of Yredelemnul.
  8126 | D:7      | Reached XP level 9. HP: 46/46 MP: 18/23
  8394 | D:7      | Found a hazy altar of Hepliaklqana.
  8494 | D:7      | Found a radiant altar of Vehumet.
  9007 | D:8      | Reached skill level 11 in Conjurations
  9075 | D:8      | Identified the +6 spear "Ahilyeth" {elec, rF+ Int+4}
  9105 | D:8      | Reached * piety under Sif Muna
  9295 | D:8      | Reached skill level 5 in Hexes
  9304 | D:8      | Reached skill level 10 in Spellcasting
  9304 | D:8      | Reached skill level 12 in Conjurations
  9899 | D:9      | Reached skill level 1 in Necromancy
  9912 | D:9      | Noticed a centaur warrior
 10082 | D:9      | Noticed an angel
 10083 | D:9      | Found a glowing silver altar of Zin.
 10084 | D:9      | Found a shimmering altar of Xom.
 10106 | D:9      | Reached XP level 10. HP: 51/51 MP: 21/26
 10375 | D:9      | Found a staircase to the Lair.
 10699 | D:8      | Learned a level 3 spell: Call Canine Familiar
 11013 | D:9      | Found Kuyc's Weapon Emporium.
 11242 | D:9      | Found Atwop's General Store.
 11303 | D:9      | Killed a centaur warrior
 11303 | D:9      | Reached ** piety under Sif Muna
 11586 | D:10     | Entered Level 10 of the Dungeon
 11670 | D:10     | Noticed a red ugly thing
 11682 | D:10     | Noticed a tengu warrior
 11865 | D:11     | Reached skill level 1 in Shields
 12040 | D:11     | Noticed a wizard
 12042 | D:11     | Reached skill level 13 in Conjurations
 12047 | D:10     | Killed a tengu warrior
 12048 | D:10     | Reached skill level 5 in Stealth
 12240 | D:10     | Identified the +5 leather armour of the Crypt {-Cast rPois
                  | rC+}
 12365 | D:9      | Killed an angel
 12477 | D:10     | Noticed a swamp dragon
 12477 | D:10     | a swamp dragon changed into a komodo dragon
 12512 | D:10     | Noticed a guardian serpent
 12521 | D:10     | Killed a guardian serpent
 12522 | D:10     | Reached skill level 1 in Translocations
 12777 | D:10     | Reached XP level 11. HP: 55/55 MP: 23/28
 13291 | D:10     | Noticed a two-headed ogre
 13315 | D:10     | Killed a two-headed ogre
 13524 | D:10     | Killed a red ugly thing
 13525 | D:10     | Reached skill level 14 in Conjurations
 13525 | D:10     | Reached skill level 1 in Summonings
 13993 | D:11     | Reached skill level 5 in Necromancy
 13996 | D:11     | Found a staircase to the Orcish Mines.
 14390 | D:11     | Killed a wizard
 14470 | D:11     | Learned a level 4 spell: Flame Wave
 14497 | D:11     | Found Beack's Magic Scroll Boutique.
 14540 | D:11     | Reached *** piety under Sif Muna
 14606 | D:11     | Identified the +1 halberd of Tenacity {spect, Str+5 Stlth+}
 14606 | D:11     | Noticed a centaur warrior
 15115 | D:11     | Shot with an arrow by a centaur warrior

Illustrated notes

Levels and vault maps discovered:
D:1:      kilobyte_arrival_exit_the_forest, layout_basic, basic_ecumenical_altar
D:2:      layout_basic
D:3:      layout_rooms, mainiacjoe_overflow_alcove_4
D:4:      layout_layer_cave, uniq_pikel, uniq_natasha
D:5:      layout_gridville, mainiacjoe_overflow_alcove_2,
          minmay_temple_entry_slanted
D:6:      layout_gridville, mainiacjoe_overflow_brackets,
          mainiacjoe_overflow_surrounded_room, minmay_crystal_room,
          nicolae_stop_n_shop_2, uniq_maggie, uniq_eustachio
D:7:      layout_basic, nicolae_hepliaklqana_monster_ancestors,
          amcnicky_altar_gilded
D:8:      layout_gridville
D:9:      layout_small_grid, grunt_temple_overflow_order_and_chaos_1,
          erik_lair_orcish_takeover, serial_shops, nicolae_diamond_shop,
          nicolae_shop_hallway_stairs
D:10:     minmay_cornered_nines, layout_loops_ring
D:11:     cheibrodos_fzero, layout_small_grid, david_orc_2, serial_shops,
          nicolae_square_shop
D:12:     layout_long_grid, minmay_misc_feat_five
Temple:   dpeg_chambers_temple

Skill      XL: |  1  2  3  4  5  6  7  8  9 10 11 |
---------------+----------------------------------+-----
Conjurations   | 5 6 7 8 9 10 12 13 14 | 14.8
Spellcasting   | 4 5 7 8 10 11 12 | 12.5
Stealth        | 3 4 5 |  5.0
Dodging        | 3 |  3.6
Hexes          | 1 3 5 7 9 |  9.1
Necromancy     | 1 4 5 |  5.8
Shields        | 1 |  1.5
Translocations | 1 |  1.1
Summonings     | 1 |  1.1
Fighting       | |  0.9
Evocations     | |  0.3

Action                   |  1- 3 |  4- 6 |  7- 9 | 10-12 || total
-------------------------+-------+-------+-------+-------++-------
Melee: Hunting sling     |       |     1 |       |       ||     1
 Cast: Magic Dart        |    82 |    52 |    66 |     6 ||   206
       Searing Ray       |     2 |    23 |    27 |    18 ||    70
       Blink             |       |     1 |       |     4 ||     5
       Fulminant Prism   |       |       |    55 |   107 ||   162
       Call Canine Famil |       |       |       |     3 ||     3
Evoke: Wand              |       |       |       |     4 ||     4
  Use: Scroll            |       |       |     8 |    13 ||    21
       Potion            |       |       |       |     2 ||     2
Armor: Robe              |       |     2 |     1 |     9 ||    12
Dodge: Dodged            |     5 |    17 |     5 |    32 ||    59
Block: Other             |       |     2 |     4 |    15 ||    21
       Reflection        |       |       |     1 |     6 ||     7
